 Dungeon Crawl Stone Soup version 0.27.0-1-g7a089689b8 (webtiles) character file.

Game seed: 12291289582380605625

78901 Armakuni the Warrior (level 16, -1/143 HPs)
             Began as a Human Monk on Aug 6, 2021.
             Was a Priest of Elyvilon.
             Slain by a spriggan rider (16 damage)
             ... on level 2 of the Swamp.
             The game lasted 01:30:26 (18177 turns).

Armakuni the Warrior (Human Monk)                  Turns: 18177, Time: 01:30:26

Health: -1/143     AC: 40    Str: 18    XL:     16   Next: 9%
Magic:  21/21      EV: 13    Int: 10    God:    Elyvilon [***...]
Gold:   732        SH:  0    Dex: 17    Spells: 17/19 levels left

rFire    . . .     SeeInvis .   a - +3 dire flail (spect)
rCold    . . .     Faith    .   (shield currently unavailable)
rNeg     . . .     Spirit   .   j - +27 Lear's hauberk
rPois    .         Reflect  .   (helmet currently unavailable)
rElec    .         Harm     .   w - +0 cloak
rCorr    .         Rampage  .   (gloves currently unavailable)
Will     +....                  (boots currently unavailable)
Stlth    ..........             R - amulet of regeneration
HPRegen  1.33/turn              E - +4 ring of evasion
MPRegen  0.17/turn              L - ring of flight

@: unable to read, flying, very slightly contaminated, invisible (expiring)
A: low mp 1, inability to read while threatened
a: Renounce Religion, Lesser Healing, Heal Other, Purification, Divine
Protection


You were on level 2 of the Swamp.
You worshipped Elyvilon.
Elyvilon was most pleased with you.
You visited 4 branches of the dungeon, and saw 19 of its levels.
You also visited: Sewer, Bailey and Ice Cave.

You collected 1549 gold pieces.
You spent 817 gold pieces at shops.

Inventory:

Hand Weapons
 a - a +3 spectral dire flail (weapon)
 b - the +12 mace of Instant Death {freeze, rElec Dex+2}
   (You found it on level 2 of the Lair of Beasts)

   It freezes those it strikes, dealing additional cold damage.
   It can also slow down cold-blooded creatures.
   Dex:       It affects your dexterity (+2).
   rElec:     It insulates you from electricity.
Missiles
 f - 77 poisoned darts
 g - 19 boomerangs (quivered)
 C - 20 javelins
 D - a throwing net
 O - 6 curare-tipped darts
Armour
 j - the +27 Lear's hauberk (worn)
   (You found it on level 10 of the Dungeon)
 w - a +0 cloak (worn)
Jewellery
 E - a +4 ring of evasion (left hand)
 J - a ring of protection from fire
 L - a ring of flight (right hand)
 P - a ring of poison resistance
 R - an amulet of regeneration (around neck)
Wands
 d - a wand of digging (3)
 k - a wand of iceblast (8)
 l - a wand of polymorph (25)
 p - a wand of mindburst (9)
 u - a wand of flame (25)
 G - a wand of paralysis (26)
Scrolls
 c - 4 scrolls of identify
 h - a scroll of magic mapping
 q - 5 scrolls of immolation
 r - a scroll of blinking
 t - 3 scrolls of enchant armour
 v - 3 scrolls of teleportation
 y - 3 scrolls of amnesia
 z - 4 scrolls of noise
 A - a scroll of vulnerability
 B - 2 scrolls of fog
 K - a scroll of summoning
 M - a scroll of fear
Potions
 m - a potion of resistance
 n - 4 potions of curing
 o - 3 potions of flight
 s - a potion of cancellation
 x - 2 potions of brilliance
 F - 3 potions of might
 H - a potion of lignification
 I - a potion of berserk rage
 Q - a potion of mutation
Miscellaneous
 i - a lightning rod (3/4)
 N - a box of beasts


   Skills:
 - Level 18.0 Fighting
 - Level 10.0 Maces & Flails
 - Level 15.4 Throwing
 + Level 9.9 Armour
 + Level 4.0 Dodging
 - Level 2.0 Stealth
 - Level 2.0 Spellcasting
 - Level 10.0 Transmutations
 - Level 10.8 Invocations
 - Level 3.3 Evocations


You had 17 spell levels left.
You knew the following spells:

 Your Spells              Type           Power      Damage    Failure   Level
r - Wereblood             Tmut           21%        N/A       7%          2

Your spell library contained the following spells:

 Spells                   Type           Power      Damage    Failure   Level
 Beastly Appendage        Tmut           42%        N/A       4%          1
 Sting                    Tmut/Pois      44%        1d5       34%         1
 Spider Form              Tmut/Pois      5%         N/A       71%         3
 Blade Hands              Tmut           10%        N/A       77%         5
 Mephitic Cloud           Conj/Pois/Air  1%         N/A       100%        3
 Stone Arrow              Conj/Erth      2%         3d7       100%        3
 Swiftness                Air            1%         N/A       100%        3
 Animate Armour           Summ/Erth      2%         N/A       100%        4
 Leda's Liquefaction      Hex/Erth       0%         N/A       100%        4
 Bolt of Magma            Conj/Fire/Erth 0%         4d4       100%        5
 Freezing Cloud           Conj/Ice/Air   0%         6-21      100%        5
 Irradiate                Conj/Tmut      5%         3d15      100%        5
 Iron Shot                Conj/Erth      0%         9d1       100%        6
 Simulacrum               Ice/Necr       0%         N/A       100%        6
 Statue Form              Tmut/Erth      7%         N/A       100%        6
 Lehudib's Crystal Spear  Conj/Erth      0%         10d2      100%        8
 Polar Vortex             Ice            0%         N/A       100%        9


Dungeon Overview and Level Annotations

Branches:
Dungeon (10/15)            Temple (1/1) D:6            Lair (6/6) D:10
  Swamp (2/4) Lair:3        Snake (0/4) Lair:3        Slime (0/5) Lair:6
  Sewer (visited)          Bailey (visited)           IceCv (visited)
    Orc: D:9-12

Altars:
Ashenzari
Cheibriados
Dithmenos
Elyvilon
Fedhas
Gozag
Hepliaklqana
Kikubaaqudgha
Makhleb
Nemelex Xobeh
Okawaru
Qazlal
Ru
Sif Muna
Trog
Uskayaw
Wu Jian
Xom
Yredelemnul
Zin
The Shining One
Beogh
Jiyva
Lugonu

Shops:
D:3 [[!?!

Portals:
Abyss: Lair:6

Annotations:
D:7 Harold
Lair:3 exclusion: oklob plant


Innate Abilities, Weirdness & Mutations

Your magical capacity is low. (-10% MP)
You sometimes lose the ability to read scrolls when taking damage.


Message History

The stone arrow misses you.
The bunyip gives a hideous shriek!
Tree limbs sway around you. The alligator barely misses you. x2
An alligator comes into view.
The bunyip gives a hideous shriek!
Your primal bloodlust has ended.
The bunyip gives a hideous shriek!
Found a stone staircase leading down.
The alligator misses you.
The alligator tail-slaps you but does no damage.
The spriggan rider hits you from afar with a +0 spear!
* * * LOW HITPOINT WARNING * * *
Trunks creak and shift.
The alligator bites you but does no damage.
The alligator closely misses you.
The alligator bites you but does no damage.
The alligator barely misses you. A root smacks you from below!
* * * LOW HITPOINT WARNING * * *
The alligator bites you but does no damage.
The alligator tail-slaps you but does no damage.
The spriggan druid calls out to the beasts of the wild!
Found a stone staircase leading down.
Your divine protection fades away.
The spriggan rider throws a stone.
The stone hits you but does no damage.
You cannot read scrolls in your current state!
The forest calms down.
The alligator barely misses you.
The alligator tail-slaps you but does no damage.
The spriggan rider barely misses you. The goliath frog closely misses you.
The alligator closely misses you.
The alligator tail-slaps you but does no damage.
You flicker for a moment.
The goliath frog closely misses you.
A goliath frog comes into view.
The alligator bites you but does no damage.
The alligator misses you.
There is a stone staircase leading up here.
The spriggan rider hits you from afar with a +0 spear!
You die...

♣.≈≈.♣♣♣♣ ♣.≈≈≈≈≈≈≈≈.≈.≈
♣.≈≈≈.≈.♣♣♣.♣♣≈≈≈≈.≈≈≈≈♣
♣♣≈≈.≈≈..≈≈....≈w≈≈≈...≈
♣♣.§≈≈≈≈§F≈§.≈≈≈.....≈≈≈
♣♣♣♣♣♣.≈§.≈≈§≈♣≈♣.x≈w.≈.≈...≈
♣♣♣♣...≈..≈≈§≈..≈≈♣...≈..≈.≈≈≈..
♣......♣≈≈§≈§≈.§≈≈≈iD≈♣.♣≈≈≈§♣≈.
♣♣♣♣.♣..§♣≈.≈≈.§.≈§≈≈§≈.♣..§.♣≈.
♣♣♣♣≈.≈..≈.§@.i≈§≈≈≈...≈≈.>≈≈
♣≈≈≈.≈≈.§Ftx§≈≈≈≈§≈.≈≈≈≈.
♣≈§.§≈≈.....≈...♣≈≈.≈§≈.≈
♣.≈≈♣.†.♣..≈.≈≈≈..≈≈≈≈
♣≈≈.♣.†♣♣♣.≈....t≈..≈. ♣.§....♣
♣♣♣†≈≈≈...♣♣> ♣....≈≈♣ ♣.≈≈≈.♣♣♣
♣≈≈≈≈≈.♣ ♣♣.≈..♣ ♣.≈≈.♣.♣ ≈≈.♣♣


You could see 2 bunyips, 2 alligators, a seven-headed hydra, a spriggan rider, a
spriggan druid and 2 goliath frogs.

Vanquished Creatures
  A tentacled monstrosity (Swamp:1)
  Jorgrun (Swamp:1)
  Nessos (Lair:6)
  2 bunyips
  2 eleionomae
  A boulder beetle (Lair:3)
  8 hydras
  A catoblepas (Lair:6)
  An alligator (Swamp:2)
  3 two-headed ogres
  5 death yaks (Lair:4)
  2 thrashing horrors (Lair:6)
  A fire crab (Lair:6)
  2 spriggan druids
  A lindwurm (Lair:5)
  2 bog bodies
  A harpy (shapeshifter) (Lair:6)
  7 oklob plants
  5 ugly things (Lair:6)
  11 elephants (Lair:6)
  2 manticores (Lair:4)
  3 will-o-the-wisps (Swamp:1)
  4 centaur zombies
  A large abomination (Lair:6)
  5 black mambas
  A cane toad (shapeshifter) (Lair:6)
  A molten gargoyle (D:9)
  An unseen horror (D:10)
  Maggie (D:7)
  10 cane toads
  A komodo dragon (shapeshifter) (Lair:6)
  A yaktaur (shapeshifter) (Lair:6)
  3 rime drakes
  A freezing wraith (IceCv)
  10 komodo dragons
  An ancient zyme (Lair:6)
  3 hornets
  A troll (D:10)
  3 tyrant leeches
  40 blink frogs
  Sigmund (D:2)
  2 spriggan simulacra (IceCv)
  31 yaks
  5 wyverns
  2 ynoxinuls (Lair:6)
  2 fire bats (Lair:4)
  10 basilisks
  A chaos spawn (Lair:6)
  3 steam dragons
  13 vampire mosquitoes
  Menkaure (D:6)
  2 nagas (Lair:3)
  5 swamp worms
  An acid dragon (D:7)
  21 water moccasins
  A sky beast (D:7)
  A black bear (Lair:1)
  An alligator simulacrum (IceCv)
  A swamp drake (Swamp:1)
  4 necrophages
  12 orc warriors
  An ogre (D:6)
  9 wolves
  A tengu (D:9)
  10 centaurs
  2 phantoms (D:5)
  18 bullfrogs
  A gnoll sergeant (D:5)
  3 scorpions
  2 water moccasin zombies (D:5)
  A wyvern zombie (D:6)
  11 small abominations (Lair:6)
  An oklob sapling (D:10)
  9 killer bees
  5 wights (D:9)
  An electric eel (Lair:4)
  2 howler monkeys
  A jelly (D:8)
  4 orc priests
  2 hounds
  Crazy Yiuf (D:7)
  2 centaur skeletons
  A gnoll shaman (D:9)
  2 iguanas
  5 orc wizards
  7 hell rats (Lair:1)
  A killer bee zombie (D:6)
  A hound zombie (D:5)
  A hound skeleton (D:3)
  2 howler monkey zombies
  12 adders
  11 gnolls
  16 river rats (Lair:1)
  2 ufetubi
  2 worms
  2 dart slugs
  60 orcs
  11 ball pythons
  4 bats
  7 endoplasms
  5 giant cockroaches
  7 goblins
  6 hobgoblins
  A jackal (D:10)
  11 quokkas
  A frilled lizard (D:2)
  2 kobolds
  A quokka skeleton (D:4)
  11 rats
  A spectral goblin (D:5)
  A bush (Lair:6)
552 creatures vanquished.

Vanquished Creatures (collateral kills)
  2 oklob plants (Lair:1)
  An adder (D:3)
  A worm (Sewer)
  6 orcs
  A giant cockroach (D:3)
11 creatures vanquished.

Vanquished Creatures (others)
  An elephant (Lair:6)
  A cane toad (Lair:6)
  3 dream sheep (Lair:6)
  A yak (Lair:6)
  A killer bee (D:7)
  A hound (D:7)
  An adder (D:3)
  2 orcs
  A bush (Lair:6)
  10 foxfires (Swamp:1)
  34 fungi
  52 plants
108 creatures vanquished.

Grand Total: 671 creatures vanquished

Notes
Turn   | Place    | Note
-------+----------+-------------------------------------------
     0 | D:1      | Armakuni the Human Monk began the quest for the Orb.
     0 | D:1      | Reached XP level 1. HP: 18/18 MP: 1/1
   442 | D:1      | Reached XP level 2. HP: 24/24 MP: 2/2
  1179 | D:2      | Identified a scroll of acquirement
  1179 | D:2      | Acquired a manual of Fighting
  1322 | D:2      | Reached XP level 3. HP: 17/30 MP: 3/3
  1502 | D:2      | You fall into a shaft and drop 2 floors!
  1503 | D:4      | Noticed a necrophage
  1518 | D:3      | Gained mutation: Your magical capacity is low. (-10% MP)
                  | [potion of mutation]
  1518 | D:3      | Gained mutation: You sometimes lose the ability to read
                  | scrolls when taking damage. [potion of mutation]
  1522 | D:3      | Reached skill level 4 in Fighting
  1724 | D:3      | Found a glowing drain.
  1820 | D:3      | Found Wogaacruh's Antique Armour Shop.
  1851 | D:3      | Reached skill level 5 in Fighting
  1851 | D:3      | Reached XP level 4. HP: 22/39 MP: 3/3
  1864 | Sewer    | Entered a sewer
  1998 | Sewer    | Noticed a kobold brigand
  2163 | D:3      | Found Puerur's Distillery.
  2226 | D:3      | Found Taen's Magic Scroll Shoppe.
  2276 | D:3      | Found Atidwac's Distillery.
  2336 | D:3      | Found a blossoming altar of Fedhas.
  2571 | D:3      | Found Litum's Antique Armour Shop.
  2626 | D:3      | Reached skill level 1 in Throwing
  2626 | D:3      | Reached XP level 5. HP: 41/46 MP: 4/4
  2690 | D:3      | Found a faded altar of an unknown god.
  2802 | D:3      | Reached skill level 6 in Fighting
  3062 | D:2      | Got the Volume of the Birds
  3112 | D:2      | Noticed Sigmund
  3117 | D:2      | Killed Sigmund
  3118 | D:2      | Reached skill level 7 in Fighting
  3118 | D:2      | Reached XP level 6. HP: 46/55 MP: 5/5
  3698 | D:4      | Killed a necrophage
  3699 | D:4      | Reached XP level 7. HP: 61/61 MP: 6/6
  3772 | D:4      | Found a snail-covered altar of Cheibriados.
  3845 | D:4      | Reached skill level 8 in Fighting
  4035 | D:4      | Found a burning altar of Makhleb.
  4035 | D:4      | Found a faded altar of an unknown god.
  4042 | D:4      | Found a faded altar of an unknown god.
  4044 | D:4      | Found a glowing golden altar of the Shining One.
  4045 | D:4      | Found a stormy altar of Qazlal.
  4077 | D:5      | Entered Level 5 of the Dungeon
  4157 | D:5      | Reached skill level 9 in Fighting
  4157 | D:5      | Reached skill level 5 in Throwing
  4157 | D:5      | Reached XP level 8. HP: 63/71 MP: 7/7
  4308 | D:5      | Reached skill level 10 in Fighting
  4450 | D:3      | Bought a polished helmet for 180 gold pieces
  4450 | D:3      | Identified the +1 helmet of Sandy Beauty {rC+} (You bought
                  | it in a shop on level 3 of the Dungeon)
  4637 | D:5      | Reached skill level 5 in Maces & Flails
  4673 | D:5      | Reached XP level 9. HP: 78/78 MP: 8/8
  4753 | D:5      | Found a hazy altar of Hepliaklqana.
  5010 | D:6      | Found a staircase to the Ecumenical Temple.
  5043 | Temple   | Entered the Ecumenical Temple
  5132 | D:6      | Noticed Menkaure
  5211 | D:6      | Killed Menkaure
  5361 | D:6      | Identified the +0 ring mail of Wupal {rN+}
  5449 | D:6      | Reached skill level 11 in Fighting
  5474 | D:6      | Found a sacrificial altar of Ru.
  5617 | D:7      | Noticed a hornet
  5628 | D:7      | Killed a hornet
  5629 | D:7      | Reached skill level 12 in Fighting
  5680 | D:7      | Noticed Maggie
  5716 | D:7      | Killed Maggie
  5772 | D:7      | Acquired a manual of Fighting
  5877 | D:7      | Reached skill level 13 in Fighting
  5888 | D:7      | Reached XP level 10. HP: 62/92 MP: 9/9
  6049 | D:7      | Noticed Harold
  6262 | D:3      | Bought a potion of heal wounds for 65 gold pieces
  6407 | D:7      | Found a runed translucent door.
  6408 | D:7      | Noticed Crazy Yiuf
  6417 | D:7      | Killed Crazy Yiuf
  7963 | D:9      | Reached skill level 14 in Fighting
  8265 | D:9      | Noticed a two-headed ogre
  8270 | D:9      | Killed a two-headed ogre
  8271 | D:9      | Reached skill level 15 in Fighting
  8377 | D:9      | Noticed a molten gargoyle
  8378 | D:9      | Noticed a molten gargoyle
  8379 | D:9      | Reached XP level 11. HP: 102/102 MP: 9/9
  8504 | D:9      | Noticed a two-headed ogre
  8510 | D:9      | Killed a two-headed ogre
  8562 | D:9      | Noticed Maurice
  8564 | D:9      | Noticed Maurice
  8564 | D:9      | Maurice changed into Maurice the tengu
  8569 | D:9      | Killed Maurice the tengu
  8621 | D:9      | Reached skill level 10 in Maces & Flails
  8621 | D:9      | Reached skill level 1 in Evocations
  8652 | D:9      | Found a white marble altar of Elyvilon.
  8652 | D:9      | Found a shimmering altar of Xom.
  8660 | D:9      | Became a worshipper of Elyvilon the Healer
  8660 | D:9      | Reached * piety under Elyvilon
  8660 | D:9      | Reached ** piety under Elyvilon
  8823 | D:10     | Entered Level 10 of the Dungeon
  8823 | D:10     | Noticed a two-headed ogre
  8828 | D:10     | Killed a two-headed ogre
  8856 | D:10     | Found the +27 Lear's hauberk
  8916 | D:10     | Identified the +1 leather armour of Words of Power {rC+}
  8936 | D:10     | Reached skill level 1 in Armour
  8969 | D:10     | Found a flagged portal.
  8991 | Bailey   | Entered a bailey
  9269 | Bailey   | Reached skill level 5 in Invocations
  9328 | Bailey   | Got Tezeuly's Almanac of Ice and Conjuration
  9555 | D:10     | Acquired a manual of Throwing
  9680 | D:10     | Noticed an oklob plant
  9888 | D:10     | Found a staircase to the Lair.
  9968 | D:10     | Reached XP level 12. HP: 109/110 MP: 14/14
 10226 | D:10     | Got the Almanac of Nature
 10230 | D:10     | Learned a level 2 spell: Wereblood
 10267 | Lair:1   | Entered Level 1 of the Lair of Beasts
 10458 | Lair:1   | Reached *** piety under Elyvilon
 10604 | Lair:1   | Reached skill level 5 in Armour
 11752 | Lair:2   | Reached **** piety under Elyvilon
 12232 | Lair:2   | Identified the +12 mace of Instant Death {freeze, rElec
                  | Dex+2}
 12507 | Lair:3   | Reached skill level 10 in Throwing
 12645 | Lair:3   | Found a staircase to the Swamp.
 12652 | Lair:3   | Reached XP level 13. HP: 114/116 MP: 17/17
 12917 | D:3      | Bought a scroll of acquirement for 572 gold pieces
 12918 | D:3      | Acquired a +1 pair of boots of flying
 13296 | Lair:3   | Found a sacrificial altar of Ru.
 13378 | Lair:3   | Noticed a four-headed hydra
 13386 | Lair:3   | Killed a four-headed hydra
 13465 | Lair:3   | Found a staircase to the Snake Pit.
 13568 | Lair:3   | Noticed a boulder beetle
 13586 | Lair:3   | Killed a boulder beetle
 13617 | Lair:3   | Noticed a five-headed hydra
 13626 | Lair:3   | Killed a five-headed hydra
 13627 | Lair:3   | Reached skill level 10 in Invocations
 14102 | Lair:4   | Reached ***** piety under Elyvilon
 14102 | Lair:4   | Noticed a catoblepas
 14102 | Lair:4   | Noticed a catoblepas
 14103 | Lair:4   | Pacified a catoblepas
 14104 | Lair:4   | Pacified a catoblepas
 14257 | Lair:4   | Reached skill level 16 in Fighting
 14465 | Lair:4   | Reached XP level 14. HP: 125/126 MP: 19/19
 15070 | Lair:5   | Reached skill level 17 in Fighting
 15562 | Lair:6   | Entered Level 6 of the Lair of Beasts
 15637 | Lair:6   | Reached skill level 18 in Fighting
 15925 | Lair:6   | Found a shimmering blue altar of Sif Muna.
 15981 | Lair:6   | Noticed Nessos
 15989 | Lair:6   | Reached skill level 15 in Throwing
 15997 | Lair:6   | Killed Nessos
 16090 | Lair:6   | Reached XP level 15. HP: 136/136 MP: 20/20
 16221 | Lair:6   | Reached skill level 1 in Spellcasting
 16221 | Lair:6   | Reached skill level 1 in Transmutations
 16707 | Lair:6   | Reached skill level 5 in Transmutations
 16755 | Lair:6   | Found a viscous altar of Jiyva.
 16755 | Lair:6   | Found a staircase to the Slime Pits.
 17036 | Lair:6   | Found a corrupted altar of Lugonu.
 17036 | Lair:6   | Found a one-way gate to the infinite horrors of the Abyss.
 17183 | Swamp:1  | Entered Level 1 of the Swamp
 17245 | Swamp:1  | Noticed a tentacled monstrosity
 17256 | Swamp:1  | Killed a tentacled monstrosity
 17414 | Swamp:1  | Noticed Jorgrun
 17426 | Swamp:1  | Killed Jorgrun
 17514 | Swamp:1  | Found a frozen archway.
 17518 | IceCv    | Entered an ice cave
 17573 | Swamp:1  | HP: 5/136 [bog body (29)]
 17990 | Swamp:2  | Reached skill level 10 in Transmutations
 18000 | Swamp:2  | Reached XP level 16. HP: 135/143 MP: 21/21
 18170 | Swamp:2  | HP: 6/143 [spriggan druid/angry trees (9)]
 18177 | Swamp:2  | Slain by a spriggan rider

Illustrated notes

Levels and vault maps discovered:
D:1:      dpeg_arrival_pond, layout_loops_ring
D:2:      layout_basic, minmay_heptomino_h4, uniq_sigmund
D:3:      cheibrodos_pilgrimage, layout_basic, mainiacjoe_overflow_24_doors,
          serial_shops, shop, shop_fountains, shop, nicolae_shop_trees,
          shop_fountains, shapermc_ecumenical_altar_venn, gup_sewer_entry_glass,
          minivault_19
D:4:      layout_rooms, mainiacjoe_overflow_catwalk,
          chequers_temple_overflow_minitemple
D:5:      layout_gridville, nicolae_hepliaklqana_monster_ancestors
D:6:      layout_rooms, nicolae_ru_the_path_less_chosen,
          minmay_temple_entry_trees, uniq_menkaure
D:7:      layout_basic, serial_bayou_pond_e, nrook_campfire, uniq_harold,
          uniq_crazy_yiuf_cottage, uniq_maggie
D:8:      layout_layer_cave
D:9:      layout_roguey [special_room_orc], vehumet_statue,
          gammafunk_temple_overflow_pools, minivault_8, uniq_maurice
D:10:     layout_roguey, lair_entry_dummy, enter_bailey_5, serial_glass,
          glass_columns_c, glass_columns_a, glass_columns_a,
          introduction_to_nature_1
Temple:   nicolae_temple_hex_pool
Lair:1:   lemuel_ratsnest, layout_loops_ring, cheibrodos_lair_caveside_slide,
          minmay_lair_oklob_chamber
Lair:2:   dpeg_oklob_gauntlet, layout_gridlike
Lair:3:   nzn_winding_woodlands_small [nzn_winding_woodlands_5x15_longhouse,
          nzn_winding_woodlands_center_garden,
          nzn_winding_woodlands_5x15_twine], layout_misc_corridors,
          skrybe_swamp_entry_bodies, guppyfry_snake_entry_garden,
          lemuel_oklob_altar
Lair:4:   nzn_motion_control, layout_gridlike, grunt_megastairs_5
Lair:5:   layout_concentric_octagons
Lair:6:   hellmonk_lair_end_abyssal_woods, layout_concentric_octagons,
          dpeg_slime_entry_enclosed_altar, basic_altar,
          minmay_lair_oklob_bushes, chequers_serial_rivers_micro_d, uniq_nessos
Swamp:1:  nicolae_swamp_ascending_descending, layout_falls_marsh,
          portal_ice_cave_entry_pillars_four, evilmike_swamp_ruin_house_4,
          uniq_jorgrun
Swamp:2:  layout_falls_marsh, hangedman_swamp_blocks, swamp_pool2

Skill      XL: |  1  2  3  4  5  6  7  8  9 10 11 12 13 14 15 16 |
---------------+-------------------------------------------------+-----
Fighting       | 5 7 9 10 13 15 16 18 | 18.0
Throwing       | 1 3 5 6 7 10 11 15 | 15.4
Maces & Flails | 5 7 9 10 | 10.0
Evocations     | 3 |  3.3
Invocations    | 5 8 10 | 10.8
Armour         | 4 7 9 |  9.9
Spellcasting   | 2 |  2.0
Transmutations | 10 | 10.0
Dodging        | 4 |  4.0
Stealth        | |  2.0

Action                   |  1- 3 |  4- 6 |  7- 9 | 10-12 | 13-15 | 16-18 || total
-------------------------+-------+-------+-------+-------+-------+-------++-------
Melee: Mace              |    91 |    13 |       |    50 |    96 |       ||   250
       War axe           |       |    40 |    76 |       |       |       ||   116
       Whip              |       |       |   151 |   186 |       |       ||   337
       Dire flail        |       |       |       |   335 |   586 |    32 ||   953
Throw: Dart              |       |     7 |    11 |    15 |    18 |       ||    51
       Boomerang         |       |       |       |   162 |    75 |       ||   237
       Throwing net      |       |       |       |     1 |     2 |       ||     3
       Javelin           |       |       |       |       |    10 |       ||    10
 Cast: Wereblood         |       |       |       |       |     2 |     4 ||     6
Invok: Lesser Healing    |       |       |       |     3 |    10 |       ||    13
       Purification      |       |       |       |     1 |     5 |       ||     6
       Heal Other        |       |       |       |       |    13 |       ||    13
       Greater Healing   |       |       |       |       |     4 |     2 ||     6
       Divine Protection |       |       |       |       |       |     1 ||     1
Evoke: Wand              |     1 |    10 |     3 |    17 |     3 |       ||    34
       Lightning rod     |       |       |       |     4 |     1 |       ||     5
  Use: Potion            |     4 |       |     4 |     2 |     2 |     1 ||    13
       Scroll            |     5 |     4 |    10 |    13 |     5 |       ||    37
 Stab: Sleeping          |     1 |     4 |     2 |     3 |       |       ||    10
       Invisible         |       |       |     4 |       |       |       ||     4
       Distracted        |       |       |       |     3 |    12 |       ||    15
       Paralysed         |       |       |       |     4 |       |       ||     4
Armor: Leather armour    |    43 |     6 |       |       |       |       ||    49
       Robe              |     3 |       |       |       |       |       ||     3
       Ring mail         |       |     1 |    99 |       |       |       ||   100
       Steam dragon scal |       |       |    13 |    59 |       |       ||    72
       Chain mail        |       |       |       |   339 |   541 |    50 ||   930
Dodge: Dodged            |    88 |    26 |   169 |   271 |   415 |    40 ||  1009
